 Dungeon Crawl Stone Soup version 0.26.1-11-gd32895ea62 (webtiles) character file.

Game seed: 1240798114635877026

87554 Nippy the Brawler (level 15, -7/154 HPs)
             Began as a Troll Berserker on June 15, 2021.
             Was a High Priest of Trog.
             Shot with an arrow by a deep elf archer (20 damage)
             ... on level 2 of the Elven Halls on June 16, 2021.
             The game lasted 01:16:28 (20340 turns).

Nippy the Brawler (Troll Berserker)                Turns: 20340, Time: 01:16:30

Health: -7/154     AC: 19    Str: 34    XL:     15   Next: 44%
Magic:  14/14      EV: 16    Int:  3    God:    Trog [*****.]
Gold:   1570       SH:  0    Dex: 20    Spells: 14/14 levels left

rFire    + + .     SeeInvis .     - Unarmed
rCold    x . .     Faith    +   (no shield)
rNeg     . . .     Spirit   .   x - +0 fire dragon scales
rPois    .         Reflect  .   (helmet restricted)
rElec    .         Harm     .   (no cloak)
rCorr    .         Rampage  .   (gloves unavailable)
Will     +....                  (boots unavailable)
Stlth    ..........             n - amulet "Saoth" {Faith Dex+5}
HPRegen  0.75/turn              e - +6 ring of dexterity
MPRegen  0.14/turn              y - +4 ring of protection

@: about to teleport, berserk cooldown, slowed, very slow
A: large, unfitting armour, claws 3, regeneration 1, shaggy fur 1, tough skin 3
a: Renounce Religion, Berserk, Trog's Hand, Brothers in Arms


You were on level 2 of the Elven Halls.
You worshipped Trog.
Trog was extremely pleased with you.
You visited 4 branches of the dungeon, and saw 20 of its levels.
You also visited: Gauntlet.

You collected 2239 gold pieces.
You spent 669 gold pieces at shops.

Inventory:

Armour
 x - +0 fire dragon scales (worn)
 E - a +2 troll leather armour
Jewellery
 a - the ring "Nehanitz" {+Inv rF- rC+++ Will+ Str+2}
   (You found it on level 5 of the Dungeon)

   [ring of willpower]

   It affects your strength (+2).
   It makes you vulnerable to fire.
   It renders you almost immune to cold.
   It affects your willpower, your defense against some magical effects.
   It lets you turn invisible.
 e - a +6 ring of dexterity (left claw)
 n - the amulet "Saoth" (around neck) {Faith Dex+5}
   (You acquired it on level 2 of the Elven Halls)

   [amulet of faith]

   It allows you to gain divine favour quickly.
   It affects your dexterity (+5).
 s - a +4 ring of evasion
 y - a +4 ring of protection (right claw)
Wands
 d - a wand of digging (4)
 o - a wand of paralysis (9)
 v - a wand of iceblast (8)
 A - a wand of disintegration (6)
 B - a wand of acid (22)
 C - a wand of flame (17)
Scrolls
 b - 3 scrolls of fear
 c - 3 scrolls of magic mapping
 j - 3 scrolls of identify
 l - 8 scrolls of remove curse
 t - 5 scrolls of teleportation
Potions
 f - 4 potions of flight
 g - 5 potions of heal wounds
 h - 3 potions of ambrosia
 i - 5 potions of haste
 k - a potion of berserk rage {unknown}
 m - a potion of resistance
 p - 2 potions of cancellation
 q - 9 potions of curing
 u - a potion of degeneration {unknown}
 w - a potion of magic {unknown}
 z - 2 potions of might


   Skills:
 - Level 11.2 Fighting
 - Level 10.2 Armour
 - Level 10.3 Dodging
 * Level 16.0 Unarmed Combat
 - Level 6.4 Evocations


You had 14 spell levels left.
You didn't know any spells.
Your spell library was empty.

Dungeon Overview and Level Annotations

Branches:
Dungeon (15/15)            Temple (0/1) D:4            Lair (0/6) D:9
    Orc (2/2) D:11            Elf (2/3) Orc:2        Vaults (0/5) D:13
 Depths (1/5) D:15        Gauntlet (visited)

Altars:
Ashenzari
Cheibriados
Elyvilon
Gozag
Hepliaklqana
Makhleb
Ru
Sif Muna
Trog
Vehumet
Xom
Zin
Beogh

Shops:
D:4 *   Orc:2 (*?*   Elf:1 (

Portals:
Trove: D:14 (give 17 potions of curing)

Annotations:
D:5 2 runed translucent doors


Innate Abilities, Weirdness & Mutations

You are too large for most types of armour.
You have claws for hands.
Your natural rate of healing is unusually fast.
You are covered in fur. (AC +1)
You have extremely tough skin. (AC +3)


Message History

As you read the scroll of teleportation, it crumbles to dust.
You feel strangely unstable.
The deep elf archer blinks!
The deep elf mage mumbles some strange words.
Your iron troll closely misses the deep elf archer.
Your iron troll claws the deep elf archer!
Your iron troll claws the deep elf archer!!
The deep elf archer shoots an arrow.
The arrow hits you.
* * * LOW HITPOINT WARNING * * *
The deep elf archer unwields a +0 short sword.
The deep elf archer wields a +0 shortbow.
The deep elf archer shoots an arrow.
The arrow hits you!!
* * * LOW HITPOINT WARNING * * *
The deep elf archer shoots an arrow.
The arrow hits your iron troll!!
Your iron troll barely misses the deep elf archer.
Your iron troll claws the deep elf archer!!
The deep elf archer dies!
Trog accepts your kill.
Trog appreciates your killing of a magic user.
The deep elf archer shoots an arrow.
The arrow hits you!!
You die...

##.......# #.#
#.###(......# ##......#
#.# #.# ##......#
####.....# #.# #.#
##...[.# #.....#+## #.#
#.# #+##### #.....#.# #.#
#.# #.....#^# #.# .#
#..>..#.####.# .#####.
#.....#.....Y#####T).....
..
#.....'......e.(@(..e....
.
#.>...######Y#######.####
#.### #.....# #.# #.##.
#.....# #.# #.#.. #.....#
#.# #...# ####### #..
#.... ... # #...# ...
#.##.#.. #.#.....


You could see a deep elf archer (repels missiles), a deep elf mage, 2 ice beasts
and a friendly iron troll (summoned, berserk).

Vanquished Creatures
  2 deep elf sorcerers
  2 stone giants
  A minotaur (Gauntlet)
  A blizzard demon (Gauntlet)
  A deep elf death mage (Elf:2)
  2 fire dragons
  A deep elf high priest (Elf:1)
  A yaktaur captain (D:15)
  A boulder beetle (D:15)
  2 hydras (D:15)
  2 ogre magi (Orc:2)
  3 centaur warriors
  3 dancing weapons
  8 two-headed ogres
  A deep troll earth mage (D:14)
  A deep troll shaman (D:15)
  3 death yaks (D:9)
  Nergalle (D:10)
  An iron troll (D:15)
  7 deep elf knights
  5 deep trolls
  4 unseen horrors
  6 deep elf archers
  2 wolf spider zombies
  2 orc sorcerers
  31 deep elf magi
  2 manticores
  2 necromancers
  An orc knight (D:11)
  4 ugly things (D:13)
  A salamander (shapeshifter) (D:15)
  4 cyclopes
  Maurice (D:8)
  A centaur zombie (D:14)
  3 gargoyles
  A yaktaur (D:15)
  15 trolls
  The ghost of wpisznazwe the Bolt Thrower, a novice KoHu of Fedhas (D:4)
  A meliai (D:14)
  3 hornets
  2 air elementals
  A meliai zombie (D:10)
  The ghost of Thjof the Sneak, an amateur SpBr of Dithmenos (D:4)
  A shadow (D:13)
  A centaur simulacrum (D:14)
  13 yaks
  2 water elementals
  4 fire elementals
  12 humans (D:13)
  5 wyverns
  2 basilisks
  The ghost of toidinamai the Slasher, an amateur HuBe of Trog (D:4)
  2 vampire mosquitoes (D:15)
  A steam dragon (D:12)
  4 small abominations (Gauntlet)
  A large abomination (Gauntlet)
  A warg (Orc:1)
  A water moccasin (D:5)
  Duvessa (D:7)
  2 sky beasts
  20 orc warriors
  3 eyes of draining
  4 ice beasts
  4 black bears
  A hornet zombie (D:14)
  28 ogres
  A phantom (D:5)
  3 wolves (Gauntlet)
  4 centaurs
  3 big kobolds
  10 bullfrogs
  Blork the orc (D:5)
  A gnoll sergeant (Orc:2)
  3 earth elementals
  Dowan (D:7)
  A wyvern skeleton (D:13)
  3 scorpions
  9 killer bees
  An electric eel (D:14)
  7 wights
  A lava snake (D:14)
  7 bullfrog zombies
  2 howler monkeys (D:13)
  8 hounds
  3 jellies
  A quasit (D:11)
  12 orc priests
  7 bullfrog skeletons
  7 centaur skeletons
  4 iguanas
  Ijyb (D:3)
  Natasha (D:2)
  26 orc wizards
  16 worker ants
  A hound zombie (D:11)
  2 hound skeletons
  A worker ant zombie (D:5)
  3 gnolls (Orc:2)
  8 adders
  3 river rats (D:9)
  A shadow imp (D:10)
  4 white imps
  3 ufetubi
  An ooze (D:5)
  An adder skeleton (D:5)
  2 worms
  6 leopard geckos
  98 orcs
  5 bats
  4 giant cockroaches
  7 goblins
  5 hobgoblins
  7 jackals
  27 kobolds
  5 quokkas
  A ball python (D:1)
  3 frilled lizards
  A jackal skeleton (D:5)
  A jackal zombie (D:8)
  A quokka skeleton (D:5)
  A quokka zombie (D:5)
  10 rats
608 creatures vanquished.

Vanquished Creatures (collateral kills)
  Jorgrun (D:13)
  Nessos (D:12)
  A vault guard (D:13)
  A two-headed ogre (Orc:2)
  2 slime creatures (D:15)
  A deep elf archer (Elf:2)
  A freezing wraith (D:14)
  2 trolls (Orc:2)
  10 humans (D:13)
  An ogre (Orc:2)
  A bullfrog (D:10)
  3 electric eels (D:14)
  An orc priest (D:10)
  An orc (D:10)
27 creatures vanquished.

Vanquished Creatures (others)
  2 fungi (D:7)
  17 plants
19 creatures vanquished.

Grand Total: 654 creatures vanquished

Notes
Turn   | Place    | Note
-------+----------+-------------------------------------------
     0 | D:1      | Nippy the Troll Berserker began the quest for the Orb.
     0 | D:1      | Reached XP level 1. HP: 22/22 MP: 0/0
   107 | D:1      | Reached XP level 2. HP: 29/29 MP: 1/1
   253 | D:1      | Reached skill level 4 in Unarmed Combat
   738 | D:2      | Found an opulent altar of Gozag.
   768 | D:2      | Reached XP level 3. HP: 36/36 MP: 2/2
   903 | D:2      | Reached ** piety under Trog
   934 | D:2      | Noticed Natasha
   943 | D:2      | Killed Natasha
  1070 | D:2      | Found a shimmering altar of Xom.
  1073 | D:2      | Noticed an ice beast
  1080 | D:2      | Killed an ice beast
  1081 | D:2      | Reached skill level 5 in Unarmed Combat
  1081 | D:2      | Reached XP level 4. HP: 26/44 MP: 3/3
  1081 | D:2      | Reached XP level 5. HP: 30/50 MP: 4/4
  1134 | D:2      | Found a glowing silver altar of Zin.
  1423 | D:2      | Reached skill level 6 in Unarmed Combat
  1520 | D:3      | Noticed Ijyb
  1524 | D:3      | Killed Ijyb
  1862 | D:3      | Found a broken altar of Ashenzari.
  1938 | D:3      | Found a bloodstained altar of Trog.
  1944 | D:3      | Found a white marble altar of Elyvilon.
  1949 | D:3      | Found a snail-covered altar of Cheibriados.
  2288 | D:4      | Reached XP level 6. HP: 59/59 MP: 5/5
  2323 | D:4      | Reached skill level 7 in Unarmed Combat
  2330 | D:4      | Found Cesaol's General Store.
  2569 | D:4      | Found a runed translucent gate.
  2570 | D:4      | Found a runed translucent gate.
  2570 | D:4      | Found a runed translucent gate.
  2571 | D:4      | Noticed wpisznazwe's ghost (novice KoHu)
  2572 | D:4      | Noticed toidinamai's ghost (amateur HuBe)
  2572 | D:4      | Noticed Thjof's ghost (amateur SpBr)
  2614 | D:4      | Killed Thjof's ghost
  2615 | D:4      | Reached skill level 8 in Unarmed Combat
  2615 | D:4      | Reached XP level 7. HP: 66/66 MP: 6/6
  2620 | D:4      | Killed toidinamai's ghost
  2625 | D:4      | Killed wpisznazwe's ghost
  2626 | D:4      | Reached skill level 9 in Unarmed Combat
  2811 | D:4      | Found a staircase to the Ecumenical Temple.
  2973 | D:5      | Entered Level 5 of the Dungeon
  3003 | D:5      | Found a radiant altar of Vehumet.
  3003 | D:5      | Found a large runed translucent door.
  3003 | D:5      | Found a large runed translucent door.
  3013 | D:5      | Reached XP level 8. HP: 70/74 MP: 7/7
  3034 | D:5      | Found a large runed translucent door.
  3034 | D:5      | Found a large runed translucent door.
  3039 | D:5      | Reached skill level 10 in Unarmed Combat
  3044 | D:5      | Noticed Blork the orc
  3064 | D:5      | Killed Blork the orc
  3065 | D:5      | Reached *** piety under Trog
  3367 | D:5      | Got a brightly glowing wooden ring
  3368 | D:5      | Identified the ring "Nehanitz" {+Inv rF- rC+++ Will+ Str+2}
                  | (You found it on level 5 of the Dungeon)
  3612 | D:5      | Reached skill level 11 in Unarmed Combat
  4513 | D:6      | Reached XP level 9. HP: 75/84 MP: 8/8
  4941 | D:7      | Reached **** piety under Trog
  5159 | D:7      | Reached skill level 5 in Fighting
  5332 | D:7      | Noticed Duvessa
  5335 | D:7      | Noticed Dowan
  5342 | D:7      | Killed Duvessa
  5346 | D:7      | Killed Dowan
  5451 | D:7      | Found a broken altar of Ashenzari.
  5455 | D:7      | Saw a vision of the Swamp and the Spider Nest.
  5455 | D:7      | Noticed a will-o-the-wisp
  5455 | D:7      | Noticed a wolf spider
  5455 | D:7      | Noticed a wolf spider
  5456 | D:7      | Noticed a wolf spider
  5980 | D:8      | Found a sacrificial altar of Ru.
  6353 | D:4      | Bought a +4 ring of protection for 504 gold pieces
  6579 | D:8      | Noticed Maurice
  6589 | D:8      | Killed Maurice
  7067 | D:9      | Noticed a two-headed ogre
  7071 | D:9      | Killed a two-headed ogre
  7072 | D:9      | Reached XP level 10. HP: 79/106 MP: 9/9
  7169 | D:9      | Found a staircase to the Lair.
  7169 | D:9      | Noticed a death yak
  7198 | D:9      | Killed a death yak
  7242 | D:9      | Noticed a death yak
  7243 | D:9      | Noticed a death yak
  7256 | D:9      | Killed a death yak
  7258 | D:9      | Reached skill level 10 in Fighting
  7261 | D:9      | Killed a death yak
  7337 | D:9      | Reached ***** piety under Trog
  7447 | D:9      | Reached skill level 1 in Armour
  7840 | D:9      | Found a shimmering blue altar of Sif Muna.
  8034 | D:10     | Entered Level 10 of the Dungeon
  8109 | D:10     | Reached XP level 11. HP: 119/119 MP: 10/10
  8213 | D:10     | Killed an unseen horror
  8300 | D:10     | Found a burning altar of Makhleb.
  8312 | D:10     | Noticed Nergalle
  8338 | D:10     | Killed Nergalle
  9124 | D:11     | Noticed an orc knight
  9126 | D:11     | Found a roughly hewn altar of Beogh.
  9131 | D:11     | Killed an orc knight
  9132 | D:11     | Reached skill level 5 in Dodging
  9133 | D:11     | Found a staircase to the Orcish Mines.
  9275 | D:11     | Found a hazy altar of Hepliaklqana.
  9359 | D:11     | Reached skill level 5 in Armour
  9365 | D:11     | Found a gate leading to a gauntlet.
  9373 | Gauntlet | Entered a Gauntlet
  9373 | Gauntlet | Found a transporter.
  9373 | Gauntlet | Found a transporter.
  9374 | Gauntlet | Noticed a necromancer
  9463 | Gauntlet | Found a transporter.
  9467 | Gauntlet | Found a transporter.
  9475 | Gauntlet | Found a transporter.
  9479 | Gauntlet | Found a transporter.
  9483 | Gauntlet | Noticed a hell beast
  9488 | Gauntlet | Found a transporter.
  9501 | Gauntlet | Found a runed translucent door.
  9503 | Gauntlet | Found a transporter.
  9505 | Gauntlet | Found a runed translucent door.
  9506 | Gauntlet | Noticed a blizzard demon
  9517 | Gauntlet | Found a transporter.
  9521 | Gauntlet | Found a transporter.
  9529 | Gauntlet | Found a transporter.
  9533 | Gauntlet | Found a transporter.
  9589 | Gauntlet | Killed a necromancer
  9639 | Gauntlet | Noticed an oklob plant
  9724 | Gauntlet | Killed a blizzard demon
  9724 | Gauntlet | Received a gift from Trog
  9789 | Gauntlet | Noticed a minotaur
  9799 | Gauntlet | Killed a minotaur
 10314 | D:11     | Reached XP level 12. HP: 121/127 MP: 11/11
 10520 | Orc:1    | Entered Level 1 of the Orcish Mines
 10520 | Orc:1    | Found a roughly hewn altar of Beogh.
 10844 | Orc:2    | Entered Level 2 of the Orcish Mines
 10844 | Orc:2    | Found a staircase to the Elven Halls.
 11041 | Orc:2    | Noticed an ogre mage
 11068 | Orc:2    | Noticed a two-headed ogre
 11086 | Orc:2    | Killed a two-headed ogre
 11096 | Orc:2    | Noticed a two-headed ogre
 11098 | Orc:2    | Killed an ogre mage
 11103 | Orc:2    | Killed a two-headed ogre
 11134 | Orc:2    | Noticed a two-headed ogre
 11135 | Orc:2    | Noticed a two-headed ogre
 11141 | Orc:2    | Killed a two-headed ogre
 11148 | Orc:2    | Killed a two-headed ogre
 11155 | Orc:2    | Found Zuemn's Magic Scroll Boutique.
 11159 | Orc:2    | Noticed a two-headed ogre
 11169 | Orc:2    | Killed a two-headed ogre
 11169 | Orc:2    | Received a gift from Trog
 11171 | Orc:2    | Noticed a two-headed ogre
 11177 | Orc:2    | Reached ****** piety under Trog
 11185 | Orc:2    | Killed a two-headed ogre
 11217 | Orc:2    | Noticed a two-headed ogre
 11222 | Orc:2    | Killed a two-headed ogre
 11250 | Orc:2    | Found Vost's Antique Weapon Emporium.
 11250 | Orc:2    | Noticed a two-headed ogre
 11261 | Orc:2    | Killed a two-headed ogre
 11282 | Orc:2    | Noticed an ogre mage
 11291 | Orc:2    | Killed an ogre mage
 11296 | Orc:2    | Found Jefohoe's Assorted Antiques.
 11297 | Orc:2    | Found Zuukh's Assorted Antiques.
 11297 | Orc:2    | Noticed a stone giant
 11303 | Orc:2    | Reached XP level 13. HP: 135/135 MP: 12/12
 11309 | Orc:2    | Killed a stone giant
 11532 | Orc:2    | Bought a scroll of identify for 66 gold pieces
 11532 | Orc:2    | Bought a scroll labelled MACSUR ZEOSEAS for 33 gold pieces
 11532 | Orc:2    | Bought a scroll of identify for 66 gold pieces
 12024 | Elf:1    | Entered Level 1 of the Elven Halls
 12086 | Elf:1    | Reached skill level 10 in Dodging
 12302 | D:12     | Received a gift from Trog
 12363 | D:12     | Reached skill level 10 in Armour
 12462 | D:12     | Reached skill level 1 in Evocations
 13093 | D:12     | Noticed Nessos
 13100 | D:12     | Killed Nessos
 13800 | D:13     | Reached skill level 5 in Evocations
 13810 | D:13     | Found a gate to the Vaults.
 13947 | D:13     | Noticed Jorgrun
 13962 | D:13     | Killed Jorgrun
 14223 | D:13     | Reached XP level 14. HP: 76/144 MP: 10/13
 14437 | D:13     | You fall into a shaft and drop 2 floors!
 14437 | D:15     | Entered Level 15 of the Dungeon
 14705 | D:15     | Found a staircase to the Depths.
 14718 | Depths:1 | Entered Level 1 of the Depths
 14740 | Depths:1 | Noticed a stone giant
 15068 | D:15     | Reached skill level 12 in Unarmed Combat
 15578 | D:15     | Killed a stone giant
 16382 | D:14     | Reached skill level 13 in Unarmed Combat
 16549 | D:14     | Found a portal to a secret trove of treasure.
 16714 | D:14     | Received a gift from Trog
 17407 | D:14     | Identified the Disquisition on the Mountains and
                  | Dislocation
 18225 | Elf:1    | Reached skill level 14 in Unarmed Combat
 18523 | Elf:1    | Found Tyociepp's Antique Weapon Shoppe.
 19137 | Elf:1    | Received a gift from Trog
 19138 | Elf:1    | Reached XP level 15. HP: 94/154 MP: 8/14
 19496 | Elf:1    | Noticed a deep elf sorcerer
 19515 | Elf:1    | Killed a deep elf sorcerer
 19516 | Elf:1    | Reached skill level 15 in Unarmed Combat
 19771 | Elf:2    | Identified a scroll of acquirement
 19771 | Elf:2    | Acquired the amulet "Saoth" {Faith Dex+5}
 20037 | Elf:2    | Paralysed by an orc sorcerer for 7 turns
 20195 | Elf:2    | Noticed a deep elf sorcerer
 20202 | Elf:2    | Killed a deep elf sorcerer
 20313 | Elf:2    | Reached skill level 16 in Unarmed Combat
 20340 | Elf:2    | Shot with an arrow by a deep elf archer

Illustrated notes

Levels and vault maps discovered:
D:1:      scummos_arrival_checkerplants, layout_loops_ring
D:2:      layout_loops_cross, pdpol_temple_overflow_zin_treasury_gozag_greed,
          overflow_temple_1_default, uniq_natasha
D:3:      layout_loops_ring, ashenzari_conservatory_becter,
          minmay_overflow_temple_star_quad, uniq_ijyb
D:4:      layout_rooms, minmay_temple_entry_poolview, gammafunk_ghost_cemetery,
          serial_shops, nicolae_shop_behind_doors
D:5:      layout_cave_pools, vehumet_crystals, minmay_hollow_rounded_squares,
          uniq_blork_the_orc
D:6:      layout_loops_corners, minmay_quadrilaterals
D:7:      layout_basic, grunt_ashenzari_visionary
          [grunt_ashenzari_visionary_swamp, grunt_ashenzari_visionary_spider],
          uniq_duvessa
D:8:      layout_basic, kennysheep_mini_moat, uniq_maurice
D:9:      layout_loops_ring, dpeg_lair_monsters, led_sif_pool
D:10:     layout_stronghold, serial_column_ruins, column_ruins_hut,
          column_ruins_hut, column_ruins_corridor_straight,
          column_ruins_columns_straight, column_ruins_grid_2,
          column_ruins_corridor_straight, column_ruins_open_medium,
          column_ruins_open_small, basic_altar, uniq_nergalle
D:11:     layout_loops_ring, david_orc_5, basic_altar, gauntlet_entry_generic
D:12:     minmay_spotlight, layout_loops_ring, serial_aquarium,
          aquarium_bridge_straight [aquarium_subvault_bridge,
          aquarium_subvault_window, aquarium_subvault_bridge,
          aquarium_subvault_window], aquarium_bridge_square
          [aquarium_subvault_bridge, aquarium_subvault_bridge,
          aquarium_subvault_bridge, aquarium_subvault_window],
          aquarium_window_corridor_3, aquarium_window_corner,
          aquarium_window_corner, aquarium_window_1, aquarium_view_2c,
          aquarium_balcony_1b, aquarium_pool_corner, minmay_misc_feat_tower,
          uniq_nessos
D:13:     layout_roguey, grunt_vaults_entry_tiered, hex_medium, uniq_jorgrun
D:14:     kennysheep_water_balloons, layout_rooms, kennysheep_crisscross,
          trove_entry_hex_spiral, chequers_serial_rivers_small_3,
          minmay_misc_feat_rows, minmay_misc_feat_more_columns
D:15:     grunt_enter_depths_snipers, layout_irregular_city,
          chequers_serial_rivers_micro_d
Orc:1:    layout_caves, basic_altar
Orc:2:    st_orc_open, layout_caves
Elf:1:    eino_elf_arrival_sip, layout_geoelf_grid,
          kennysheep_underground_church, st_stairs_5, nicolae_elf_stone_circles,
          minmay_shop_star
Elf:2:    layout_gridlike, nicolae_elf_big_sculpture_3, nicolae_elf_v_pinch
Depths:1: layout_long_grid, gammafunk_ghost_grave, pf_hell_entry_great_geh,
          minmay_misc_feat_square, minmay_serpent_palace, serial_bayou_shore_a,
          minmay_shoptagon, serial_bayou_shore_b

Skill      XL: |  1  2  3  4  5  6  7  8  9 10 11 12 13 14 15 |
---------------+----------------------------------------------+-----
Unarmed Combat | 4 5 6 8 9 11 14 16 | 16.0
Fighting       | 3 8 10 11 | 11.2
Armour         | 2 6 9 10 | 10.2
Dodging        | 3 7 9 10 | 10.3
Evocations     | 6 |  6.4

Action                   |  1- 3 |  4- 6 |  7- 9 | 10-12 | 13-15 || total
-------------------------+-------+-------+-------+-------+-------++-------
Melee: Unarmed           |    87 |    65 |   281 |   532 |   756 ||  1721
       Punch             |       |     2 |     9 |    36 |    69 ||   116
Invok: Berserk           |     1 |     2 |     4 |    14 |    23 ||    44
       Trog's Hand       |       |     1 |       |     2 |     1 ||     4
       Brothers in Arms  |       |       |       |     2 |     7 ||     9
 Abil: Evoke Invisibilit |       |       |     1 |       |       ||     1
  Use: Scroll            |       |       |    17 |     5 |    10 ||    32
       Potion            |       |       |       |     1 |     2 ||     3
 Stab: Sleeping          |     1 |       |       |       |       ||     1
Armor: Animal skin       |    25 |    22 |    11 |       |       ||    58
       Robe              |       |       |    74 |    23 |       ||    97
       Troll leather arm |       |       |       |   161 |   215 ||   376
       Fire dragon scale |       |       |       |       |   133 ||   133
Dodge: Dodged            |    38 |    31 |   115 |   505 |   592 ||  1281
